 Dungeon Crawl Stone Soup version 0.27.1-34-g3ba077fa99 (webtiles) character file.

Game seed: 8795426688971777283

72 pkoi the Insei (level 4, -1/38 HPs)
             Began as a Draconian Monk on Jan 13, 2022.
             Slain by a goblin (3 damage)
             ... led by Robin
             ... on level 3 of the Dungeon.
             The game lasted 00:03:10 (2684 turns).

pkoi the Insei (Draconian Monk)                     Turns: 2684, Time: 00:03:10

Health: -1/38      AC:  5    Str: 13    XL:     4   Next: 7%
Magic:  4/4        EV: 12    Int: 10    God:
Gold:   136        SH:  0    Dex: 13    Spells: 3/3 levels left

rFire    . . .     SeeInvis .     - Unarmed
rCold    . . .     Faith    .   (no shield)
rNeg     . . .     Spirit   .   (armour unavailable)
rPois    .         Reflect  .   (helmet restricted)
rElec    .         Harm     .   (no cloak)
rCorr    .         Rampage  .   (no gloves)
Will     .....                  (no boots)
Stlth    ++........             (no amulet)
HPRegen  0.12/turn              (no ring)
MPRegen  0.09/turn              (no ring)

@: no status effects
A: AC +5, unfitting armour, cold-blooded, talons 1, dopey 1, sense surroundings
1
a: no special abilities


You were on level 3 of the Dungeon.
You visited 1 branch of the dungeon, and saw 3 of its levels.

You collected 136 gold pieces.

Inventory:

Jewellery
 b - an amulet of faith
Scrolls
 a - a scroll of teleportation
Potions
 c - a potion of ambrosia {unknown}
 d - a potion of curing


   Skills:
 - Level 3.2 Fighting
 - Level 2.6 Dodging
 - Level 1.7 Stealth
 + Level 5.0 Unarmed Combat


You had 3 spell levels left.
You didn't know any spells.
Your spell library contained the following spells:

 Spells                   Type           Power      Damage    Failure   Level
 Animate Skeleton         Necr           0%         N/A       36%         1
 Apportation              Tloc           0%         N/A       36%         1
 Beastly Appendage        Tmut           0%         N/A       36%         1
 Corona                   Hex            0%         N/A       36%         1
 Summon Small Mammal      Summ           0%         N/A       36%         1
 Sublimation of Blood     Necr           0%         N/A       50%         2
 Wereblood                Tmut           0%         N/A       50%         2
 Spider Form              Tmut/Pois      0%         N/A       75%         3
 Summon Hydra             Summ           0%         N/A       100%        7


Dungeon Overview and Level Annotations

Branches:
Dungeon (3/15)

Altars:
Qazlal
Yredelemnul

Annotations:
D:2 Sigmund
D:3 Robin


Innate Abilities, Weirdness & Mutations

Your plain brown scales are hard. (AC +5)
You cannot fit into any form of body armour.
You are cold-blooded and may be slowed by cold attacks.
You have sharp toenails.
You are dopey. (Int -2)
You passively map a small area around you.


Message History

The goblin closely misses you.
The kobold throws a poisoned dart.
The poisoned dart hits you!
You are poisoned.
Your Unarmed Combat skill increases to level 5!
You feel very sick.
Robin flexes a bicep menacingly.
The kobold hits you but does no damage.
Items here: ))) †††††.
You closely miss the kobold. Your kick misses the kobold.
You feel sick. The goblin barely misses you.
The kobold hits you with a +0 dagger.
* * * LOW HITPOINT WARNING * * *
You barely miss the kobold. You claw the kobold.
You kill the kobold!
You feel sick. The goblin hits you with a +0 dagger.
* * * LOW HITPOINT WARNING * * *
You hit Robin but do no damage.
Your tail-slap misses Robin.
You feel sick. The goblin closely misses you. Robin barely misses you.
You barely miss Robin. You claw Robin, but do no damage.
Your tail-slap misses Robin.
You feel sick. The goblin hits you but does no damage.
You hit Robin but do no damage.
You feel sick. Robin closely misses you. The goblin misses you.
You hit Robin. You claw Robin, but do no damage.
Robin is lightly wounded.
You feel sick. Robin barely misses you. The goblin hits you but does no damage.
You hit Robin. Your kick misses Robin.
Robin is lightly wounded.
You feel sick.
The goblin no longer looks unusually strong.
Robin misses you. The goblin hits you with a +0 dagger.
* * * LOW HITPOINT WARNING * * *
You hit Robin but do no damage.
Robin is lightly wounded.
You feel sick.
You are no longer poisoned.
Robin hits you but does no damage.
You punch Robin! You claw Robin. You punch Robin, but do no damage.
Robin is severely wounded.
The goblin hits you with a +0 dagger.
You die...

................##..#.#......
.......................#..#.###
#..##.......#...##..#......... .
..............)..#..........##.#
...............###..#..g.......#
.......###.......#...g...†..#..#
##.............#.#...>..........
. .#..,.......>#g#..............
.##...#.#@#..##.##...####*
#####.#g#gK#..........#
#.#.#)g.......#.#.# # ,
####.#...g............ .# *
#......).........#.#### #.##
..........##.###.......... ....
,≈≈≈≈≈≈§≈≈......).##.#...## ....
≈.....§.≈.##...#.##.#.(... ..
≈§≈§≈≈≈....g.....##)# #


You could see Robin and a goblin.

Vanquished Creatures
  2 adders
  2 worms
  6 ball pythons
  3 endoplasms
  2 giant cockroaches
  11 goblins
  3 hobgoblins
  2 jackals (D:3)
  7 kobolds
  2 quokkas (D:3)
  3 rats
43 creatures vanquished.

Notes
Turn   | Place    | Note
-------+----------+-------------------------------------------
     0 | D:1      | pkoi the Draconian Monk began the quest for the Orb.
     0 | D:1      | Reached XP level 1. HP: 19/19 MP: 1/1
    31 | D:1      | Noticed a golden eye
    37 | D:1      | Found a faded altar of an unknown god.
    38 | D:1      | Noticed an eye of devastation
    40 | D:1      | Noticed a floating eye
    40 | D:1      | Noticed an eye of devastation
   172 | D:1      | Reached XP level 2. HP: 19/26 MP: 2/2
   697 | D:2      | Reached skill level 4 in Unarmed Combat
   727 | D:2      | Noticed Sigmund
   888 | D:2      | Reached XP level 3. HP: 29/31 MP: 3/3
  1470 | D:3      | Found a stormy altar of Qazlal.
  1512 | D:3      | Noticed Robin
  1530 | D:2      | Gained mutation: You are dopey. (Int -2) [potion of
                  | mutation]
  1530 | D:2      | Gained mutation: You have sharp toenails. [potion of
                  | mutation]
  1530 | D:2      | Gained mutation: You passively map a small area around you.
                  | [potion of mutation]
  2632 | D:3      | Found a basalt altar of Yredelemnul.
  2668 | D:3      | Reached XP level 4. HP: 18/38 MP: 4/4
  2675 | D:3      | Reached skill level 5 in Unarmed Combat
  2684 | D:3      | Slain by a goblin

Illustrated notes

Levels and vault maps discovered:
D:1:      dpeg_arrival_lava_temple_mockup, layout_rooms,
          hellmonk_ecumenical_altar_watching_god
D:2:      layout_rooms, uniq_sigmund
D:3:      layout_basic, mainiacjoe_overflow_alcove_1,
          mainiacjoe_overflow_concentric_impassable, uniq_robin

Skill      XL: |  1  2  3  4 |
---------------+-------------+-----
Unarmed Combat | 4 5 |  5.0
Fighting       | |  3.2
Dodging        | |  2.6
Stealth        | |  1.7

Action                   |  1- 3 |  4- 6 || total
-------------------------+-------+-------++-------
Melee: Unarmed           |   121 |    13 ||   134
       Tailslap          |    10 |       ||    10
       Kick              |    12 |     7 ||    19
       Punch             |       |     1 ||     1
  Use: Potion            |     3 |       ||     3
       Scroll            |     2 |       ||     2
 Stab: Sleeping          |     3 |       ||     3
       Distracted        |     1 |       ||     1
Armor: Skin              |    39 |     5 ||    44
Dodge: Dodged            |    78 |    10 ||    88
